 Dungeon Crawl Stone Soup version 0.30.0-29-ga12c61a403 (webtiles) character file.

Game seed: 10085418079927412237

27089 cdecastro the Warrior (level 13, -10/134 HPs)
             Began as a Hill Orc Fighter on June 24, 2023.
             Was an Elder of Beogh.
             Mangled by a hellephant (36 damage)
             ... on level 3 of the Abyss.
             The game lasted 00:53:44 (18508 turns).

cdecastro the Warrior (Hill Orc Fighter)           Turns: 18508, Time: 00:53:44

Health: -10/134    AC: 16    Str: 24    XL:     13   Next: 30%
Magic:  19/19      EV:  7    Int: 11    God:    Beogh [****..]
Gold:   1438       SH:  9    Dex: 13    Spells: 12/12 levels left

rFire   + . .        p - +8 spear of the Screaming Gods {protect, rN+ Int+3 Dex+3}
rCold   + . .        c - +0 buckler
rNeg    + . .        R - +0 plate armour
rPois   .            y - +1 helmet
rElec   .            I - scarf {rC+ rF+}
rCorr   .            (no gloves)
SInv    .            (no boots)
Will    .....        a - amulet of reflection Stlth
                     G - ring of flight
HPRegen 0.00/turn    (no ring)
MPRegen 0.16/turn

%: reflection
@: about to teleport, sick, flying
A: no striking features
a: Renounce Religion, Smiting, Recall Orcish Followers


You were on level 3 of the Abyss.
You worshipped Beogh.
Beogh was greatly pleased with you.
You visited 2 branches of the dungeon, and saw 15 of its levels.
You visited the Abyss 1 time.
You also visited: Bailey and Ice Cave.

You collected 2098 gold pieces.
You spent 660 gold pieces at shops.

Inventory:

Hand Weapons
 p - the +8 spear of the Screaming Gods (weapon) {protect, rN+ Int+3 Dex+3}
   (You found it on level 2 of the Dungeon)

   Int:       It affects your intelligence (+3).
   Dex:       It affects your dexterity (+3).
   rN:        It protects you from negative energy.
 u - a +2 bardiche of freezing
 M - a +2 heavy trident
 O - a +2 heavy trident
 T - a +1 halberd
Missiles
 e - 34 poisoned darts (quivered)
 A - 4 atropa-tipped darts
 K - 20 boomerangs
 S - 8 javelins
 W - 3 boomerangs of dispersal
Armour
 c - a +0 buckler (worn)
 x - a +2 tower shield
 y - a +1 helmet (worn)
 H - a scarf of shadows
 I - a scarf of resistance (worn)
 R - a +0 plate armour (worn)
 U - a +2 scale mail of cold resistance
 V - +0 ice dragon scales
Jewellery
 a - an amulet of reflection (around neck)
 G - a ring of flight (left hand)
 L - the ring "Peodd" {rElec rPois rC+ Will- Stlth+}
   (You took it off an orc warrior in a bailey)

   [ring of protection from cold]

   rC:        It protects you from cold.
   rElec:     It insulates you from electricity.
   rPois:     It protects you from poison.
   Will:      It decreases your willpower.
   Stlth:     It makes you more stealthy.
 Z - an amulet of magic regeneration
Wands
 t - a wand of polymorph (7)
 z - a wand of iceblast (11)
 B - a wand of flame (23)
 F - a wand of digging (5)
 Y - a wand of mindburst (10)
Scrolls
 f - 6 scrolls of identify
 i - 4 scrolls of vulnerability
 k - 4 scrolls of teleportation
 q - 3 scrolls of immolation
 s - 4 scrolls of enchant armour
 v - 3 scrolls of fog
 w - a scroll of enchant weapon
 J - 2 scrolls of blinking
 N - 5 scrolls of fear
 P - 3 scrolls of magic mapping
 Q - 2 scrolls of poison
Potions
 d - a potion of might
 g - 6 potions of curing
 h - a potion of attraction
 j - 2 potions of magic
 l - 3 potions of haste
 m - 3 potions of brilliance
 n - 2 potions of resistance
 o - 2 potions of invisibility
 r - 6 potions of flight
 C - 2 potions of ambrosia
 D - 4 potions of mutation
 E - 2 potions of heal wounds
 X - a potion of lignification {unknown}
Miscellaneous
 b - a lightning rod (4/4)


   Skills:
 * Level 17.7 Fighting
 - Level 3.5(9.7) Axes
 - Level 11.8(12.0) Polearms
 - Level 8.2 Armour
 - Level 3.2 Shields
 - Level 8.8 Invocations
 + Level 8.0 Evocations


You had 12 spell levels left.
You didn't know any spells.
Your spell library contained the following spells:

 Spells                   Type           Power      Damage    Failure   Level
 Magic Dart               Conj           0%         1d3       99%         1
 Necrotise                Necr           0%         1d4       99%         1
 Slow                     Hex            0%         N/A       99%         1
 Ensorcelled Hibernation  Hex/Ice        0%         N/A       100%        2
 Searing Ray              Conj           0%         2d4       100%        2
 Confusing Touch          Hex            0%         N/A       100%        3
 Hailstorm                Conj/Ice       0%         3d3       100%        3
 Spider Form              Tmut/Pois      0%         N/A       100%        3
 Stone Arrow              Conj/Erth      0%         3d7       100%        3
 Vampiric Draining        Necr           0%         2d6       100%        3
 Vhi's Electric Charge    Tloc/Air       0%         N/A       100%        3
 Volatile Blastmotes      Fire/Tloc      0%         2d10      100%        3
 Anguish                  Hex/Necr       0%         N/A       100%        4
 Animate Armour           Summ/Erth      0%         N/A       100%        4
 Fulminant Prism          Conj/Hex       0%         3d5       100%        4
 Ice Form                 Ice/Tmut       0%         N/A       100%        4
 Iskenderun's Mystic Bla  Conj/Tloc      0%         2d3       100%        4
 Agony                    Necr           0%         N/A       100%        5
 Alistair's Intoxication  Tmut/Pois      0%         N/A       100%        5
 Arcjolt                  Conj/Air       0%         1d10      100%        5
 Borgnjor's Vile Clutch   Necr/Erth      0%         N/A       100%        5
 Lee's Rapid Deconstruct  Erth           0%         3d4*      100%        5
 Eringya's Noxious Bog    Tmut/Pois      0%         N/A       100%        6
 Simulacrum               Ice/Necr       0%         N/A       100%        6
 Lehudib's Crystal Spear  Conj/Erth      0%         10d2      100%        8
 Maxwell's Capacitive Co  Air            0%         ∞         100%        8


Dungeon Overview and Level Annotations

Branches:
Dungeon (14/15)            Temple (1/1) D:6            Lair (0/5) D:10
    Orc (0/2) D:11         Vaults (0/5) D:13         Bailey (visited)
  IceCv (visited)

Altars:
Ashenzari
Cheibriados
Dithmenos
Elyvilon
Fedhas
Gozag
Hepliaklqana
Kikubaaqudgha
Makhleb
Nemelex Xobeh
Okawaru
Qazlal
Ru
Sif Muna
Trog
Uskayaw
Vehumet
Wu Jian
Xom
Yredelemnul
Zin
The Shining One
Beogh

Shops:
D:1 (   D:11 !?*[

Annotations:
D:9 2 transporters


Message History

Press: ? - help, Dir - move target, f/p - small abomination
Aim: a small abomination (moderately damaged, about 21% to evade the +8 spear of the Screaming Gods)
You reach to attack!
You puncture the small abomination!
The small abomination is severely damaged.
Unknown command.
Unknown command.
You hit the small abomination.
The small abomination is almost destroyed.
Unknown command.
You closely miss the small abomination.
The small abomination is almost destroyed.
The small abomination hits you but does no damage.
Unknown command.
You puncture the small abomination!
You destroy the small abomination!
Beogh accepts your kill.
Your Evocations skill increases to level 8!
Unknown command.
Unknown command.
You feel ill.
Unknown command.
A hellephant comes into view.
Unknown command.
As you read the scroll of teleportation, it crumbles to dust.
You feel strangely unstable.
You feel the power of the Abyss delaying your translocation!
The hellephant trumpets!
The hellephant blinks!
You block the hellephant's attack. The hellephant bites you.
* * * LOW HITPOINT WARNING * * *
The hellephant gores you but does no damage.
The hellephant attacks as you move away!
The hellephant tramples you!
* * * LOW HITPOINT WARNING * * *
The hellephant bites you but does no damage.
The hellephant gores you but does no damage.
A sixfirhy comes into view.
The hellephant attacks as you move away!
The hellephant tramples you!!!
You die...

... .#. .##. .... ...
#... ...#..#
####.###### ##.#..#
#. ..... ....###....#
#... .
.#...##...##..##...#
#......#3..xY....#...
#...........##@.....#
.#
......#.....#...... #
##.§.###..#.#.. ...##
.... ..###.#..# ###
.##...# ...#... ...
..##.#.. .. .. ...##
..#


You could see a hellephant, an ancient zyme and a sixfirhy (wandering).

Vanquished Creatures
  4 centaur warriors (D:13)
  2 skeletal warriors
  A deep elf archer (D:13)
  2 orc knights
  2 deep elf zephyrmancers
  A necromancer (IceCv)
  4 ugly things
  3 manticores
  An ice statue (IceCv)
  3 gargoyles
  3 centaur skeletons (D:13)
  3 kobold demonologists (D:12)
  2 rime drakes (D:12)
  An anaconda simulacrum (IceCv)
  A komodo dragon (D:10)
  11 ice devils (IceCv)
  4 freezing wraiths (IceCv)
  3 trolls
  Prince Ribbit (D:6)
  A harpy skeleton (Abyss:3)
  2 shadows
  A wraith (D:13)
  A dire elephant simulacrum (IceCv)
  A basilisk (D:10)
  2 death yak simulacra (IceCv)
  2 harpy simulacra (IceCv)
  2 acid dragons
  3 hydra simulacra (IceCv)
  A water moccasin (D:7)
  Duvessa (D:4)
  An ice beast (D:5)
  5 orc warriors
  2 black bears
  4 ogres
  12 centaurs
  A phantom (D:3)
  A kobold brigand (D:12)
  3 cane toad simulacra (IceCv)
  2 scorpions (D:7)
  A wight (D:8)
  2 small abominations (Abyss:3)
  Dowan (D:4)
  2 killer bees (D:10)
  6 elephant simulacra (IceCv)
  2 electric eels
  6 howler monkeys
  A crimson imp (D:10)
  3 orc priests
  4 hounds
  3 jellies
  A gnoll bouda (D:5)
  7 iguanas
  A sleepcap (D:6)
  4 polar bear simulacra (IceCv)
  A spriggan simulacrum (IceCv)
  A troll simulacrum (IceCv)
  5 wolf simulacra (IceCv)
  Robin (D:4)
  10 gnolls
  8 adders
  A naga simulacrum (IceCv)
  A shadow imp (D:5)
  4 white imps
  An ufetubus (D:7)
  2 worms (D:3)
  4 dart slugs
  14 orcs
  5 bats
  9 endoplasms
  4 giant cockroaches
  18 goblins
  12 hobgoblins
  6 jackals
  A quokka (D:2)
  9 ball pythons
  3 frilled lizards
  13 kobolds
  8 rats
285 creatures vanquished.

Vanquished Creatures (collateral kills)
  Snorg (D:10)
  Urug (D:11)
  2 skeletal warriors (D:12)
  A deep elf pyromancer (D:12)
  A deep elf zephyrmancer (D:13)
  A cyclops (D:10)
  A manticore (D:10)
  An ugly thing (D:11)
  A centaur skeleton (D:13)
  A gargoyle (D:10)
  A yaktaur (D:10)
  A rime drake (shapeshifter) (D:10)
  A troll (D:9)
  A tarantella (Bailey)
  A spriggan (D:10)
  2 shadows
  Grum (D:11)
  2 acid dragons
  A water moccasin (D:7)
  3 orc warriors
  2 wolves (D:11)
  5 centaurs
  2 gnoll sergeants
  3 bullfrogs
  8 wights
  2 killer bees (D:10)
  2 howler monkeys
  A jelly (D:8)
  A sleepcap (D:7)
  An orc priest (D:13)
  5 orc wizards
  6 gnolls
  A shadow imp (D:7)
  6 orcs
  A goblin (Bailey)
  6 kobolds (Bailey)
77 creatures vanquished.

Vanquished Creatures (others)
  4 orc knights
  2 spriggans (D:13)
  2 orc warriors (Bailey)
  4 orc wizards
  12 orcs
  7 orc priests
  A shadow imp (D:8)
  A white imp (IceCv)
33 creatures vanquished.

Grand Total: 395 creatures vanquished

Notes
Turn   | Place    | Note
-------+----------+-------------------------------------------
     0 | D:1      | cdecastro the Hill Orc Fighter began the quest for the Orb.
     0 | D:1      | Reached XP level 1. HP: 19/19 MP: 1/1
    83 | D:1      | Reached skill level 4 in Fighting
    91 | D:1      | Reached XP level 2. HP: 24/27 MP: 2/2
   242 | D:1      | Reached XP level 3. HP: 34/34 MP: 3/3
   392 | D:1      | Found Macick's Weapon Emporium.
   693 | D:2      | Reached skill level 5 in Fighting
   725 | D:2      | Identified the +8 spear of the Screaming Gods {protect, rN+
                  | Int+3 Dex+3}
   966 | D:2      | Reached XP level 4. HP: 42/42 MP: 4/4
  1004 | D:2      | Reached skill level 1 in Polearms
  1229 | D:2      | Found a faded altar of an unknown god.
  1235 | D:2      | Identified the +0 ring mail of Fedhas's Approval {rC++
                  | rCorr Stlth+}
  1464 | D:2      | Prayed at the altar of an unknown god.
  1464 | D:2      | Became a worshipper of Beogh the Brigand
  1464 | D:2      | Reached * piety under Beogh
  1779 | D:3      | Noticed a phantom
  1793 | D:3      | Killed a phantom
  1794 | D:3      | Reached XP level 5. HP: 49/50 MP: 5/5
  2105 | D:4      | Noticed Robin
  2113 | D:4      | Reached skill level 6 in Fighting
  2121 | D:3      | Reached XP level 6. HP: 50/57 MP: 6/6
  2151 | D:3      | Reached ** piety under Beogh
  2178 | D:4      | Killed Robin
  2243 | D:4      | Noticed a black bear
  2246 | D:4      | Killed a black bear
  2308 | D:4      | Reached skill level 5 in Polearms
  2308 | D:4      | Reached XP level 7. HP: 54/64 MP: 7/7
  2411 | D:4      | Noticed Dowan
  2494 | D:4      | Noticed Duvessa
  2531 | D:4      | Killed Duvessa
  2532 | D:4      | Reached skill level 7 in Fighting
  2646 | D:4      | Killed Dowan
  2949 | D:5      | Entered Level 5 of the Dungeon
  3045 | D:5      | Reached skill level 1 in Invocations
  3047 | D:5      | Reached *** piety under Beogh
  3308 | D:5      | Reached XP level 8. HP: 72/73 MP: 8/10
  3439 | D:5      | Identified the +1 robe of the Everdark {rF+ rN+ Stlth+}
  3663 | D:5      | Reached skill level 5 in Invocations
  4567 | D:6      | Noticed Prince Ribbit
  4592 | D:6      | Killed Prince Ribbit
  4892 | D:6      | Reached XP level 9. HP: 69/79 MP: 13/15
  5116 | D:6      | Found a staircase to the Ecumenical Temple.
  5209 | Temple   | Entered the Ecumenical Temple
  5604 | D:7      | Found a flagged portal.
  5625 | Bailey   | Entered a bailey
  5981 | Bailey   | Identified the ring "Peodd" {rElec rPois rC+ Will- Stlth+}
  6251 | Bailey   | Gained Margrim as an ally
  6376 | Bailey   | Noticed an orc knight
  6383 | Bailey   | an orc knight changed into a tarantella
  6383 | Bailey   | Noticed a tarantella
  6410 | Bailey   | HP: 3/79 [tarantella (5)]
  6420 | Bailey   | Your ally Margrim died
  6427 | Bailey   | Killed a tarantella
  6848 | D:7      | Reached **** piety under Beogh
  6979 | D:7      | Reached skill level 5 in Armour
  7967 | D:8      | Found a shadowy altar of Dithmenos.
  8456 | D:8      | Found an ancient bone altar of Kikubaaqudgha.
  9429 | D:9      | Noticed a troll
  9442 | D:9      | Killed a troll
  9443 | D:9      | Reached XP level 10. HP: 12/86 MP: 16/16
 10093 | D:9      | Found a transporter.
 10099 | D:9      | Found a transporter.
 10100 | D:9      | Noticed a boulder beetle
 10427 | D:10     | Entered Level 10 of the Dungeon
 10467 | D:10     | Noticed a gargoyle
 10471 | D:10     | Killed a gargoyle
 10472 | D:10     | Reached skill level 10 in Polearms
 10527 | D:10     | Noticed Snorg
 10540 | D:10     | Killed Snorg
 10541 | D:10     | Reached skill level 8 in Fighting
 10549 | D:10     | Noticed a deep elf zephyrmancer
 10560 | D:10     | Killed a deep elf zephyrmancer
 10847 | D:10     | Reached skill level 9 in Fighting
 11216 | D:10     | Found a staircase to the Lair.
 11448 | D:11     | Noticed an orc knight
 11448 | D:11     | Noticed a manticore
 11448 | D:11     | Noticed a cyclops
 11448 | D:11     | Noticed an orc knight
 11448 | D:11     | Noticed a manticore
 11479 | D:10     | Killed an orc knight
 11480 | D:10     | Reached skill level 10 in Fighting
 11644 | D:10     | Killed a manticore
 11874 | D:10     | Killed a manticore
 11875 | D:10     | Reached XP level 11. HP: 77/101 MP: 17/17
 11962 | D:10     | Killed a cyclops
 11963 | D:10     | Reached skill level 11 in Fighting
 12049 | D:11     | Identified the +1 spear "Ilomecw" {vamp, Will+ Int+3}
 12091 | D:11     | Noticed Urug
 12101 | D:11     | Killed Urug
 12111 | D:11     | Noticed a red ugly thing
 12120 | D:11     | Killed a red ugly thing
 12297 | D:11     | Noticed Grum
 12300 | D:11     | Killed Grum
 12300 | D:11     | Gained Boruk as an ally
 12334 | D:11     | Found a staircase to the Orcish Mines.
 12381 | D:11     | Found Felubelo's Armour Shoppe.
 12503 | D:11     | Found Coateit's General Store.
 12510 | D:11     | Bought a scroll of enchant armour for 135 gold pieces
 12510 | D:11     | Bought a scroll of vulnerability for 72 gold pieces
 12510 | D:11     | Bought a scroll of blinking for 135 gold pieces
 12510 | D:11     | Bought a scroll of teleportation for 54 gold pieces
 12705 | D:11     | Found Taptun's Distillery.
 12708 | D:11     | Bought a potion of invisibility for 96 gold pieces
 12708 | D:11     | Bought a potion of might for 48 gold pieces
 12708 | D:11     | Bought a potion of resistance for 120 gold pieces
 12874 | D:11     | Found Hepleewa's Magic Scroll Emporium.
 12989 | D:11     | Found a sacrificial altar of Ru.
 13082 | D:12     | Found a frozen archway.
 13090 | D:12     | Reached skill level 12 in Fighting
 13100 | IceCv    | Entered an ice cave
 13303 | IceCv    | Reached skill level 1 in Evocations
 13506 | IceCv    | Reached skill level 13 in Fighting
 13826 | IceCv    | Found an ancient bone altar of Kikubaaqudgha.
 13871 | IceCv    | Reached ***** piety under Beogh
 14056 | IceCv    | Reached XP level 12. HP: 93/116 MP: 18/18
 14160 | IceCv    | Reached skill level 14 in Fighting
 14738 | IceCv    | Gained Jorge as an ally
 14937 | IceCv    | Reached skill level 5 in Evocations
 15033 | D:12     | Reached skill level 15 in Fighting
 15204 | D:12     | Noticed a soul eater
 16054 | D:13     | Noticed a centaur warrior
 16483 | D:13     | Killed a centaur warrior
 16630 | D:13     | You are sucked into a shaft and drop 1 floor!
 16762 | D:12     | Reached skill level 16 in Fighting
 16844 | D:13     | Noticed a centaur warrior
 16855 | D:13     | Killed a centaur warrior
 16864 | D:13     | Gained Hilgar as an ally
 16878 | D:13     | Your ally Jorge died
 16880 | D:13     | HP: 6/123 [orc warrior/bolt (15)]
 16881 | D:13     | Your ally Hilgar died
 16897 | D:13     | Your ally Boruk died
 16909 | D:13     | Reached XP level 13. HP: 52/130 MP: 3/19
 17153 | D:13     | Found a gate to the Vaults.
 17259 | D:13     | Identified the +4 plate armour of Gozag, Lusting {Harm
                  | rElec Int-3 Stlth+}
 17302 | D:13     | Reached skill level 17 in Fighting
 18321 | Abyss:2  | Cast into level 2 of the Abyss (a wizard)
 18327 | Abyss:2  | Noticed a starcursed mass
 18372 | Abyss:2  | Noticed a tentacled starspawn
 18500 | Abyss:3  | Noticed a hellephant
 18508 | Abyss:3  | Mangled by a hellephant

Illustrated notes

Levels and vault maps discovered:
D:1:      onia_arrival_handbag, layout_rooms, serial_shops,
          nicolae_shop_real_fake_doors, minmay_nonomino_d4
D:2:      layout_basic, shapermc_ecumenical_altar_totnotflames, st_stairs_7,
          minmay_misc_feat_rugged
D:3:      layout_loops_ring
D:4:      layout_rooms, chequers_serial_rivers_micro_c, chequers_hall_statues_y,
          sigmund_army, uniq_duvessa, uniq_robin
D:5:      layout_basic, nicolae_figureground_sparkle
D:6:      nicolae_cairo_tiling_very_big, layout_basic, serial_bayou_lake_a,
          uniq_prince_ribbit1
D:7:      layout_loops_ring, enter_bailey_4
D:8:      layout_basic, mainiacjoe_overflow_divided_tiny, moated_statue,
          kennysheep_generic_room_2
D:9:      gammafunk_boulding_lane, layout_cave_pools
D:10:     layout_cave_pools, david_lair_shrubbed, hangedman_stone_soup,
          uniq_snorg
D:11:     minmay_ambush_box, layout_gridville, orc_0_dummy, serial_shops, shop,
          nicolae_shop_tiny_real_fake_doors, nicolae_shop_peninsula, shop,
          nicolae_ru_the_path_less_chosen, uniq_grum, uniq_urug
D:12:     layout_stronghold, portal_ice_cave_rime
D:13:     dreamdust_experimentation, layout_loops_corners,
          hangedman_vaults_entry_quadrant_bands
D:14:     layout_roguey, bh_walls_and_bars, minivault_15, uniq_kirke,
          uniq_lodul, uniq_nessos
Temple:   nicolae_temple_slightly_damp_pantheon
Abyss:3:  base: D:1, bh_abyss_xom_lugonu_altar

Skill      XL: |  1  2  3  4  5  6  7  8  9 10 11 12 13 |
---------------+----------------------------------------+-----
Fighting       | 4 5 6 7 10 13 16 17 | 17.7
Axes           | 3 |  3.5
Polearms       | 3 4 5 6 8 9 11 | 11.8
Invocations    | 3 8 |  8.8
Armour         | 7 8 |  8.2
Evocations     | 3 7 8 |  8.0
Shields        | |  3.2

Action                     |  1- 3 |  4- 6 |  7- 9 | 10-12 | 13-15 || total
---------------------------+-------+-------+-------+-------+-------++-------
  Melee: War axe           |   107 |       |       |       |       ||   107
         Spear             |     7 |   105 |   391 |   612 |   141 ||  1256
  Throw: Dart              |       |       |     2 |       |     4 ||     6
 Invoke: Recall Orcish Fol |       |       |     1 |    11 |     1 ||    13
         Smiting           |       |       |       |    16 |       ||    16
  Evoke: Wand              |       |       |     6 |     1 |       ||     7
    Use: Potion            |       |     1 |     1 |     3 |     1 ||     6
         Scroll            |       |       |       |    17 |     3 ||    20
   Stab: Distracted        |       |       |     1 |     2 |       ||     3
 Armour: Scale mail        |    58 |    29 |   133 |    94 |    33 ||   347
         Chain mail        |       |       |     2 |    22 |       ||    24
         Plate armour      |       |       |       |    73 |    23 ||    96
  Dodge: Dodged            |    54 |    32 |   135 |   110 |    20 ||   351
  Block: Buckler           |    30 |    20 |    73 |   191 |    39 ||   353
         Reflection        |       |       |       |    25 |     5 ||    30
